 Dungeon Crawl Stone Soup version 0.26-a0-36-g11e0b32562 (webtiles) character file.

Game seed: 7290273979575846223, levelgen mode: deterministic

7619 Baz the Covert (level 11, -18/103 HPs)
             Began as a Naga Hunter on May 29, 2020.
             Was an Elder of Trog.
             Demolished by a white ugly thing (21 damage)
             ... on level 10 of the Dungeon on May 30, 2020.
             The game lasted 00:32:38 (10490 turns).

Baz the Covert (Naga Hunter)                       Turns: 10490, Time: 00:32:39

Health: -18/103    AC:  4    Str: 17    XL:     11   Next: 18%
Magic:  11/11      EV: 12    Int: 12    God:    Trog [****..]
Gold:   302        SH:  0    Dex: 18    Spells: 10/10 levels left

rFire    + . .     SeeInvis +   a - +1 hand crossbow
rCold    . . .     Gourm    .   (no shield)
rNeg     . . .     Faith    .   D - +3 leather armour
rPois    +         Spirit   .   (no helmet)
rElec    .         Reflect  .   (no cloak)
rCorr    .         Harm     .   (no gloves)
MR       +....                  (no barding)
Stlth    +++++.....             e - amulet of regeneration
HPRegen  0.67/turn              z - ring of protection from fire
MPRegen  0.12/turn              c - +6 ring of dexterity

@: about to teleport, corroded, hasted, quick
A: large, see invisible, deformed body, poison resistance, slowness 2, slow
metabolism 1, spit poison 1, AC +3
a: Spit Poison, Berserk, Trog's Hand, Brothers in Arms, Renounce Religion


You were on level 10 of the Dungeon.
You worshipped Trog.
Trog was greatly pleased with you.
You were hungry.

You visited 2 branches of the dungeon, and saw 11 of its levels.
You also visited: Sewer and Ossuary.

You collected 482 gold pieces.
You spent 180 gold pieces at shops.

Inventory:

Hand Weapons
 a - a +1 hand crossbow (weapon)
 b - a +5 falchion of freezing
 A - a +0 arbalest
Missiles
 d - 70 bolts (quivered)
 s - 3 throwing nets
Armour
 D - a +3 leather armour (worn)
Jewellery
 c - a +6 ring of dexterity (right hand)
 e - an amulet of regeneration (around neck)
 z - a ring of protection from fire (left hand)
Wands
 v - a wand of digging (8)
 C - a wand of acid (20)
 E - a wand of paralysis (5)
 H - a wand of polymorph (9)
Scrolls
 g - 7 scrolls of teleportation
 h - 6 scrolls of remove curse
 i - 4 scrolls of identify
 j - 3 scrolls of fear
 o - 3 scrolls of fog
 p - 3 scrolls of enchant weapon
 q - 2 scrolls of random uselessness
 t - a scroll of enchant armour
 y - 2 scrolls of immolation {unknown}
 F - a scroll of blinking {unknown}
 J - a scroll of noise {unknown}
Potions
 k - 3 potions of lignification {unknown}
 l - 4 potions of curing {unknown}
 m - 2 potions of brilliance {unknown}
 n - 2 potions of haste
 r - 2 potions of resistance {unknown}
 u - a potion of degeneration {unknown}
 w - a potion of might {unknown}
 x - a potion of magic {unknown}
 B - a potion of flight {unknown}
 G - a potion of stabbing {unknown}
 I - a potion of cancellation {unknown}
Comestibles
 f - 10 rations


   Skills:
 + Level 8.1 Fighting
   Level 4.7(5.0) Short Blades
 + Level 2.3(3.8) Long Blades
 + Level 8.1 Crossbows
 + Level 5.1 Armour
 - Level 4.1 Dodging
 - Level 12.9 Stealth


You had 10 spell levels left.
You didn't know any spells.
Your spell library was empty.

Dungeon Overview and Level Annotations

Branches:
Dungeon (10/15)            Temple (1/1) D:4            Lair (0/6) D:9
  Sewer (visited)         Ossuary (visited)
    Orc: D:9-12

Altars:
Ashenzari
Cheibriados
Dithmenos
Elyvilon
Gozag
Hepliaklqana
Kikubaaqudgha
Makhleb
Okawaru
Qazlal
Sif Muna
Trog
Uskayaw
Vehumet
Wu Jian
Xom
Yredelemnul

Shops:
D:4 ?   D:8 %   D:9 (   D:10 }

Annotations:
D:2 Sigmund


Innate Abilities, Weirdness & Mutations

You cannot wear boots.
Your serpentine skin is tough. (AC +3)
You have supernaturally acute eyesight. (SInv)
Armour fits poorly on your strangely shaped body.
Your system is resistant to poisons. (rPois)
You cover ground very slowly.
You have a slow metabolism.
You can spit poison.


Message History

The white ugly thing misses you.
Firing (i - inventory. (/) - cycle)
d - 71 bolts (quivered)
Press: ? - help, Shift-Dir - straight line, f/p - white ugly thing
Aim: a white ugly thing (moderately wounded)
You shoot a bolt.
The bolt hits the white ugly thing but does no damage.
The white ugly thing is moderately wounded.
A centaur warrior comes into view.
The white ugly thing tentacle-slaps you!
The white ugly thing freezes you!
As you read the scroll of teleportation, it crumbles to dust.
You feel strangely unstable.
The white ugly thing tentacle-slaps you.
The white ugly thing freezes you!!
* * * LOW HITPOINT WARNING * * *
You feel yourself speed up.
The white ugly thing tentacle-slaps you!
* * * LOW HITPOINT WARNING * * *
The white ugly thing freezes you!!
You die...

##
#.##.##.#
.+
..#รท###..
## ##..##.#
#####(#..
##.....##.#
#.#######
##......##
#########.#
#..coDu@..#
##.(.######
#). # # ###


You could see an orc knight, a white ugly thing, a centaur warrior (wandering)
and an acid dragon.

Vanquished Creatures
  Pikel (D:4)
  A centaur zombie (D:10)
  Joseph (D:9)
  A troll (D:9)
  A hippogriff (D:7)
  5 yaks (D:9)
  3 hungry ghosts
  2 steam dragons
  A water moccasin (D:8)
  3 orc warriors
  2 sky beasts
  4 slaves
  A black bear (D:6)
  A phantom (D:4)
  7 ogres
  6 centaurs
  A big kobold (D:9)
  A crocodile (D:9)
  Blork the orc (D:6)
  An elf zombie (Ossuary)
  5 bullfrogs
  A wyvern skeleton (D:9)
  A wyvern zombie (D:9)
  A scorpion (D:5)
  5 wights (D:9)
  A howler monkey (D:6)
  4 crimson imps
  A quasit (D:9)
  A bullfrog zombie (D:7)
  7 hounds
  3 jellies
  11 orc priests
  14 orc wizards
  4 iguanas
  2 centaur skeletons
  Natasha (D:2)
  A bullfrog skeleton (D:6)
  6 worker ants
  A hound zombie (D:5)
  2 hound skeletons
  4 mummies
  A worker ant zombie (D:7)
  A howler monkey zombie (D:6)
  7 adders
  A howler monkey skeleton (D:5)
  2 river rats
  4 gnolls (D:8)
  A shadow imp (D:5)
  2 oozes
  2 adder zombies
  An adder skeleton (D:8)
  5 worms
  3 dart slugs
  3 leopard geckos
  36 orcs
  6 giant cockroaches
  A gnoll zombie (Ossuary)
  5 goblins
  5 hobgoblins
  7 jackals
  2 quokkas
  7 ball pythons
  3 bats
  7 frilled lizards
  A giant cockroach zombie (D:6)
  4 goblin zombies (Ossuary)
  4 hobgoblin zombies (Ossuary)
  8 kobolds
  3 kobold zombies (Ossuary)
  2 leopard gecko skeletons
  4 quokka zombies (Ossuary)
  21 rats
  A rat zombie (Ossuary)
280 creatures vanquished.

Notes
Turn   | Place    | Note
-------+----------+-------------------------------------------
     0 | D:1      | Baz the Naga Hunter began the quest for the Orb.
     0 | D:1      | Reached XP level 1. HP: 19/19 MP: 1/1
   422 | D:1      | Reached skill level 2 in Stealth
   511 | D:1      | Reached XP level 2. HP: 12/26 MP: 2/2
   947 | D:2      | Noticed Natasha
   988 | D:2      | Killed Natasha
   988 | D:2      | Reached skill level 3 in Stealth
   988 | D:2      | Reached XP level 3. HP: 33/33 MP: 3/3
  1077 | D:2      | Noticed Sigmund
  1282 | D:2      | Reached XP level 4. HP: 23/40 MP: 4/4
  1335 | D:2      | Reached skill level 1 in Short Blades
  1691 | D:3      | Reached skill level 4 in Stealth
  1865 | D:3      | Found an ornate altar of the Wu Jian Council.
  2415 | D:4      | Found a burning altar of Makhleb.
  2449 | D:4      | Reached XP level 5. HP: 48/48 MP: 5/5
  2473 | D:4      | Reached skill level 5 in Stealth
  2503 | D:4      | Found a sand-covered staircase.
  2519 | Ossuary  | Entered an ossuary
  2523 | Ossuary  | Reached XP level 6. HP: 56/56 MP: 6/6
  2962 | D:4      | Reached skill level 6 in Stealth
  3034 | D:4      | Noticed a slave
  3043 | D:4      | Found a staircase to the Ecumenical Temple.
  3050 | Temple   | Entered the Ecumenical Temple
  3054 | Temple   | Became a worshipper of Trog the Wrathful
  3140 | D:4      | Found Uttarph's Magic Scroll Boutique.
  3166 | D:4      | Bought a scroll of enchant armour for 90 gold pieces
  3166 | D:4      | Bought a scroll of enchant weapon for 90 gold pieces
  3208 | D:4      | Noticed a slave
  3208 | D:4      | Noticed a slave
  3239 | D:3      | Killed a slave
  3242 | D:3      | Killed a slave
  3313 | D:4      | Noticed a slave
  3330 | D:4      | Killed a slave
  3401 | D:4      | Noticed a phantom
  3420 | D:4      | Killed a phantom
  3420 | D:4      | Reached XP level 7. HP: 43/62 MP: 7/7
  3623 | D:4      | Noticed Pikel
  3632 | D:4      | Killed Pikel
  3632 | D:4      | Reached skill level 8 in Stealth
  3632 | D:4      | Reached XP level 8. HP: 72/72 MP: 8/8
  4013 | D:5      | Entered Level 5 of the Dungeon
  4026 | D:5      | Reached skill level 5 in Crossbows
  4162 | D:5      | Reached skill level 9 in Stealth
  4236 | D:5      | Reached * piety under Trog
  4429 | D:5      | Found a glowing drain.
  4481 | Sewer    | Entered a sewer
  4966 | D:5      | Reached ** piety under Trog
  4966 | D:5      | Reached skill level 10 in Stealth
  4966 | D:5      | Reached XP level 9. HP: 69/80 MP: 9/9
  5181 | D:5      | Reached skill level 5 in Fighting
  5242 | D:5      | Found a hide-covered altar of Uskayaw.
  5260 | D:5      | Found a shadowy altar of Dithmenos.
  5297 | D:5      | Found a shattered altar of Ashenzari.
  5349 | D:5      | Found a basalt altar of Yredelemnul.
  5539 | D:6      | Reached skill level 1 in Armour
  5726 | D:6      | Found a hazy altar of Hepliaklqana.
  5927 | D:6      | Noticed Blork the orc
  5940 | D:6      | Killed Blork the orc
  6045 | D:6      | Found a shimmering blue altar of Sif Muna.
  6706 | D:6      | Reached skill level 11 in Stealth
  6876 | D:6      | Reached *** piety under Trog
  7183 | D:7      | Upgraded the game from 0.26-a0-34-g9e0bf03589 to
                  | 0.26-a0-36-g11e0b32562
  7464 | D:8      | Reached XP level 10. HP: 38/91 MP: 10/10
  7895 | D:8      | Found Poekh's Food Shop.
  8400 | D:9      | Found a staircase to the Lair.
  8401 | D:9      | Reached **** piety under Trog
  8428 | D:9      | Reached skill level 12 in Stealth
  9339 | D:9      | Found Oliytzimp's Antique Weapon Shoppe.
  9356 | D:9      | Noticed Joseph
  9374 | D:9      | Killed Joseph
  9374 | D:9      | Reached skill level 1 in Long Blades
  9374 | D:9      | Reached XP level 11. HP: 41/102 MP: 11/11
  9792 | D:10     | Entered Level 10 of the Dungeon
  9792 | D:10     | Found a hide-covered altar of Uskayaw.
 10158 | D:10     | Reached skill level 5 in Armour
 10325 | D:10     | Found Sarelocw's Gadget Shoppe.
 10484 | D:10     | Noticed a white ugly thing
 10486 | D:10     | Noticed an orc knight
 10488 | D:10     | Noticed a centaur warrior
 10490 | D:10     | HP: 3/103 [white ugly thing (13)]
 10490 | D:10     | Demolished by a white ugly thing

Illustrated notes

Levels and vault maps discovered:
D:1:      lemuel_arrival_behind_the_door_small, layout_loops_corners,
          kennysheep_pointless_box
D:2:      layout_basic, fedhas_altar_fruit_tree, first_ration, uniq_natasha,
          uniq_sigmund
D:3:      layout_basic, lemuel_coloured_pillars_altar
D:4:      layout_basic, nicolae_overflow_hidden_temple, kennysheep_mini,
          minmay_temple_entry_drinking_statues, serial_shops,
          kennysheep_mini_moat, gup_ossuary_entry_pyramid, uniq_pikel
D:5:      layout_basic, nicolae_overflow_quartered_altars, portal_sewer_entry_c
D:6:      layout_basic, lemuel_blue_sif_altar, overflow_temple_1_default,
          uniq_blork_the_orc
D:7:      layout_basic
D:8:      layout_rooms, serial_shops, shop, chequers_serial_rivers_small_b
D:9:      layout_loops_ring, lair_entry_dummy, serial_shops, nicolae_shop_trees,
          uniq_joseph
D:10:     minmay_the_grid_four_pointed_star
          [minmay_the_grid_triangle_9x9_impossible_snake,
          minmay_the_grid_triangle_9x9_sprig,
          minmay_the_grid_triangle_9x9_pentomino_pain,
          minmay_the_grid_triangle_9x9_swiss_cheese,
          minmay_the_grid_prize_four_corners_diamond_a], layout_basic,
          serial_shops, shop, basic_altar
Temple:   nicolae_temple_x_marks_the_god

Skill      XL: |  1  2  3  4  5  6  7  8  9 10 11 |
---------------+----------------------------------+-----
Stealth        | 2 3 4 5 6 8 10 11 12 | 12.9
Dodging        | 2 3 4 |  4.1
Short Blades   | 1 2 3 4 |  4.7
Crossbows      | 4 5 6 7 8 |  8.1
Fighting       | 3 4 6 7 8 |  8.1
Armour         | 3 4 5 |  5.1
Long Blades    | 1 2 |  2.3

Action                   |  1- 3 |  4- 6 |  7- 9 | 10-12 || total
-------------------------+-------+-------+-------+-------++-------
Melee: Short sword       |   102 |   209 |   369 |   313 ||   993
       Falchion          |       |       |       |    40 ||    40
 Fire: Hand crossbow     |     8 |   108 |   154 |   181 ||   451
Invok: Trog's Hand       |       |       |       |     1 ||     1
 Abil: Spit Poison       |       |     9 |    15 |     9 ||    33
  Use: Scroll            |       |     4 |     3 |     1 ||     8
       Potion            |       |     1 |       |     2 ||     3
 Stab: Sleeping          |     3 |     8 |    18 |     7 ||    36
       Distracted        |       |       |     1 |       ||     1
  Eat: Chunk             |     1 |     6 |    13 |    10 ||    30
       Ration            |       |       |       |     3 ||     3
Armor: Leather armour    |    20 |    44 |   133 |   200 ||   397
Dodge: Dodged            |    52 |   139 |   262 |   313 ||   766
       Rpst.: Falchion   |       |       |       |     7 ||     7

Table legend:
 A = Non-vault XP
 B = Vault XP
 C = Vault XP percentage of total XP
 D = Non-vault monster count
 E = Vault monster count
 F = Vault count percentage of total count
                 A         B        C        D         E       F
            +---------+---------+-------+---------+---------+-------
      Total |    9333 |    1552 |  14.3 |     221 |      54 |  19.6
            +---------+---------+-------+---------+---------+-------
        D:1 |      19 |       0 |   0.0 |      12 |       0 |   0.0
        D:2 |      53 |      36 |  40.4 |      17 |       1 |   5.6
        D:3 |      53 |       0 |   0.0 |      20 |       0 |   0.0
        D:4 |     448 |     659 |  59.5 |      22 |       2 |   8.3
        D:5 |    1097 |      18 |   1.6 |      26 |       5 |  16.1
        D:6 |    1039 |      94 |   8.3 |      30 |       1 |   3.2
        D:7 |     838 |       0 |   0.0 |      14 |       0 |   0.0
        D:8 |    1583 |       0 |   0.0 |      30 |       0 |   0.0
        D:9 |    3369 |     445 |  11.7 |      44 |       1 |   2.2
       D:10 |     834 |      88 |   9.5 |       6 |       2 |  25.0
      Sewer |       0 |      51 | 100.0 |       0 |      22 | 100.0
    Ossuary |       0 |     161 | 100.0 |       0 |      20 | 100.0
            +---------+---------+-------+---------+---------+-------
